AoeStats
← Gorp

Arabia

505560410Analyzed
1v1 RM · 24d ago on Sep 10, 2026· 29m 55s· 2 players
Game mode
Random Map
Map size
Tiny (2 player)
Population
200
Speed
Normal
Resources
Standard
Victory
Conquest
Starting age
Dark Age
Ending age
Imperial Age
RankedLock teamsTeams togetherTeam positionsShared explorationLock speedFull tech treeHidden civsTurbo modeCheats
Victory
Defeat
🇨🇦 Mongols · Canada
566
+18
🇲🇽 Lithuanians · Mexico
612
-18
Gorp
7:10 Loom
9:54 Feudal Age
11:00 Double-Bit Axe
13:18 Horse Collar
14:48 Forging
19:23 Fletching
24:43 Castle Age
25:30 Crossbowman
26:18 Thumb Ring
26:50 Bodkin Arrow
ManAlong
9:50 Feudal Age
19:29 Castle Age
18:21 Double-Bit Axe
Connection lost

Rejoining the realm…

Still unreachable

The connection could not be restored.

Session expired

The server has moved on; the page needs a fresh start.